Map: 永恒梦境-天梯版

Players

Cyan

  • Race: Protoss Protoss

iGXiGua (XiGua) - Winner!

  • Race: Zerg Zerg

Event: DreamHack SC2 Masters 2020 Fall

VOD

Have the link to the VOD?

Description

Time

  • Played on: Sept. 3, 2020, 9:44 a.m.
  • Length: 12:48

All games in this series

Show
View Real Time Build Order
Export as new Build Order

Cyan Protoss 

Build Orders: 1 Gate Expand, Archon Immortal, Archon Drop, Dark Templar Rush 

Get SALT Encoding   

  12  0:00  Probe  
  13  0:12  Probe  
  14  0:19  Pylon  
  14  0:24  Probe  
  15  0:37  Probe (Chrono Boost)  
  15  0:39  Gateway  
  16  0:47  Probe (Chrono Boost)  
  17  0:50  Assimilator  
  17  0:51  Probe (Chrono Boost)  
  18  1:03  Probe  
  19  1:15  Probe  
  20  1:24  Nexus  
  20  1:34  Cybernetics Core  
  20  1:37  Probe  
  21  1:42  Assimilator  
  21  1:49  Probe  
  21  1:52  Pylon  
  22  2:01  Probe  
  22  2:08  Adept (Chrono Boost)  
  23  2:10  Warp Gate  
  23  2:13  Probe  
  26  2:26  Probe (Chrono Boost)  
  26  2:28  Stalker (Chrono Boost)  
  27  2:35  Twilight Council  
  30  2:37  Probe (Chrono Boost)  
  30  2:44  Probe (Chrono Boost)  
  31  2:46  Probe (Chrono Boost)  
  31  2:50  Probe (Chrono Boost)  
  33  2:51  Probe  
  33  2:52  Robotics Facility  
  34  3:02  Probe (Chrono Boost)  
  34  3:03  Probe (Chrono Boost)  
  36  3:09  Gateway  
  36  3:15  Probe (Chrono Boost)  
  36  3:18  Dark Shrine  
  38  3:20  Probe (Chrono Boost)  
  38  3:21  Adept  
  38  3:23  Probe (Chrono Boost)  
  42  3:29  Gateway  
  42  3:32  Probe  
  42  3:33  Probe  
  43  3:39  Warp Prism (Chrono Boost)  
  43  3:45  Probe  
  46  3:48  Assimilator  
  46  3:51  Pylon  
  46  3:53  Pylon  
  46  4:07  Pylon  
  46  4:09  Adept x2, Probe x2  
  52  4:21  Probe  
  52  4:22  Probe  
  52  4:24  Pylon  
  54  4:29  Assimilator  
  54  4:33  Probe  
  54  4:34  Probe  
  56  4:41  Dark Templar x3  
  60  4:52  Probe  
  59  4:57  Warp Prism (Chrono Boost)  
  59  4:58  Probe  
  54  5:08  Probe  
  54  5:12  Gateway x2  
  54  5:13  Dark Templar  
  54  5:14  Dark Templar  
  59  5:17  Pylon  
  58  5:21  Probe  
  58  5:26  Zealot  
  61  5:39  Immortal (Chrono Boost), Pylon  
  61  5:41  Probe x2  
  65  5:47  Charge  
  65  5:48  Forge  
  64  5:54  Zealot x3  
  68  5:59  Nexus  
  68  6:05  Pylon  
  68  6:08  Immortal (Chrono Boost)  
  70  6:12  Dark Templar, Archon  
  70  6:14  Dark Templar  
  74  6:19  Archon  
  74  6:20  Dark Templar  
  76  6:25  Shield Battery  
  76  6:27  Dark Templar  
  76  6:31  Archon  
  78  6:33  Adept  
  78  6:35  Shield Battery  
  78  6:37  Probe x2  
  78  6:38  Protoss Ground Weapons Level 1 (Chrono Boost)  
  82  6:44  Observer  
  83  6:55  Pylon  
  83  6:58  Adept x2  
  86  7:11  Gateway x2, Probe x2  
  86  7:13  Probe  
  85  7:23  Probe x2 (Chrono Boost)  
  85  7:24  Immortal (Chrono Boost)  
  85  7:28  Probe (Chrono Boost)  
  92  7:30  Zealot x3, Sentry x2  
  92  7:34  Photon Cannon  
  92  7:35  Probe x2 (Chrono Boost)  
  104  7:39  Probe (Chrono Boost)  
  104  7:41  Assimilator  
  104  7:42  Probe x2 (Chrono Boost)  
  104  7:44  Assimilator, Probe (Chrono Boost)  
  107  7:48  Photon Cannon  
  108  7:51  Pylon  
  108  7:58  Shield Battery  
  108  7:59  Shield Battery  
  108  8:09  Immortal, Pylon  
  112  8:18  Probe x2  
  114  8:21  Templar Archives  
  114  8:23  Blink  
  114  8:27  Probe  
  114  8:30  Probe  
  114  8:33  Probe  
  114  8:34  Sentry  
  115  8:37  Protoss Ground Weapons Level 2 (Chrono Boost)  
  115  8:38  Photon Cannon  
  115  8:39  Probe  
  115  8:41  Photon Cannon  
  116  8:42  Shield Battery, Psionic Storm  
  116  8:46  Immortal (Chrono Boost)  
  116  8:50  Pylon x2  
  116  8:51  Pylon  
  120  9:03  High Templar x2  
  120  9:06  Gateway  
  120  9:07  Gateway  
  120  9:08  High Templar  
  126  9:11  Zealot  
  128  9:17  High Templar  
  128  9:18  Zealot  
  128  9:22  Immortal (Chrono Boost)  
  132  9:40  High Templar  
  132  9:41  Nexus  
  132  9:44  Pylon  
  134  9:46  Zealot x5  
  132  9:55  Warp Prism  
  132  9:57  High Templar  
  132  10:05  Photon Cannon  
  132  10:08  Shield Battery  
  132  10:09  High Templar  
  132  10:10  High Templar, Pylon  
  136  10:22  Zealot x4  
  136  10:23  Zealot x2  
  136  10:26  Pylon  
  136  10:27  Pylon  
  147  10:34  Observer (Chrono Boost)  
  142  10:37  Zealot  
  142  10:50  High Templar, Archon  
  142  10:55  Archon  
  142  10:59  Observer (Chrono Boost)  
  139  11:07  Zealot x3  
  139  11:08  Zealot x5  
  155  11:13  Warp Prism (Chrono Boost)  
  134  11:26  High Templar  
  134  11:27  Archon  
  132  11:33  Probe x3  
  132  11:35  Assimilator  
  132  11:36  Assimilator  
  132  11:38  High Templar  
  132  11:39  Robotics Facility, High Templar  
  131  11:41  Photon Cannon  
  131  11:44  Shield Battery, Photon Cannon  
  131  11:45  Photon Cannon  
  117  11:47  Dark Shrine  
  117  11:49  High Templar x2  
  117  11:52  Gateway  
  117  11:53  Photon Cannon x2  
  119  11:55  Zealot x2, Shield Battery  
  119  11:57  Pylon  
  119  11:58  Sentry  
  125  12:04  Zealot  
  89  12:28  Archon x2  
  80  12:31  High Templar x2  
  80  12:32  High Templar x2  
  80  12:33  Zealot x3  
Show
View Real Time Build Order
Export as new Build Order

iGXiGua Zerg - Winner!

Build Orders: Hatch First, Lurkers, Roach Hydra 

Get SALT Encoding   

  12  0:00  Drone  
  13  0:12  Overlord  
  13  0:17  Drone  
  14  0:30  Drone x2  
  16  0:51  Drone, Hatchery  
  16  0:55  Drone  
  17  0:58  Drone  
  17  1:02  Extractor  
  17  1:13  Spawning Pool  
  17  1:17  Drone  
  17  1:20  Drone  
  18  1:28  Drone  
  19  1:39  Overlord  
  19  1:49  Drone  
  20  2:00  Queen  
  23  2:01  Zergling x2  
  23  2:03  Queen  
  23  2:04  Drone  
  26  2:10  Drone  
  26  2:11  Metabolic Boost  
  26  2:15  Drone  
  28  2:22  Drone  
  29  2:26  Drone  
  30  2:37  Hatchery  
  30  2:39  Zergling x2  
  30  2:47  Queen  
  32  2:51  Overlord  
  32  2:55  Drone x2  
  34  3:03  Drone x2  
  35  3:11  Drone x2  
  37  3:13  Drone x3  
  37  3:16  Overlord  
  37  3:18  Drone  
  41  3:25  Queen  
  43  3:32  Overlord  
  43  3:34  Drone  
  43  3:35  Drone  
  43  3:36  Drone  
  43  3:38  Spore Crawler  
  43  3:39  Drone  
  46  3:41  Drone  
  46  3:44  Drone x2  
  49  3:49  Queen  
  51  3:56  Drone x2  
  51  3:57  Drone x2  
  51  3:59  Drone x2  
  56  4:06  Zergling x8  
  60  4:11  Roach Warren  
  60  4:12  Zergling x2  
  60  4:13  Zergling x2  
  60  4:15  Zergling x2  
  60  4:16  Zergling x2  
  63  4:17  Zergling x2  
  63  4:20  Zergling x4  
  63  4:23  Overlord  
  66  4:30  Overlord  
  66  4:31  Overlord  
  66  4:32  Spore Crawler  
  66  4:33  Spore Crawler  
  66  4:34  Overlord  
  66  4:36  Zergling x2  
  65  4:43  Zergling x8  
  66  4:54  Drone x5  
  71  5:03  Lair  
  71  5:04  Drone  
  71  5:05  Drone x3  
  72  5:07  Drone  
  72  5:09  Drone x2  
  74  5:15  Extractor x2  
  74  5:17  Overlord  
  74  5:19  Drone  
  73  5:21  Drone  
  73  5:24  Drone  
  75  5:29  Drone  
  75  5:30  Evolution Chamber  
  75  5:31  Drone x3  
  78  5:36  Drone  
  78  5:40  Extractor  
  78  5:41  Extractor  
  74  5:44  Roach x8  
  84  5:52  Drone  
  81  5:58  Drone  
  81  5:59  Drone, Extractor  
  81  6:01  Glial Reconstitution  
  82  6:05  Drone x5  
  82  6:10  Overseer  
  85  6:13  Drone x4  
  85  6:15  Drone  
  85  6:16  Overlord  
  90  6:22  Zerg Missile Weapons Level 1  
  90  6:23  Drone  
  90  6:27  Drone x3  
  90  6:28  Drone  
  90  6:29  Drone x2  
  90  6:31  Drone  
  90  6:32  Drone  
  98  6:36  Hatchery  
  98  6:37  Drone  
  98  6:41  Overlord  
  98  6:42  Infestation Pit  
  98  6:43  Overlord  
  97  6:49  Roach  
  97  6:50  Roach x3  
  105  6:54  Overlord  
  105  6:56  Overlord  
  105  6:57  Overlord  
  105  7:00  Overlord  
  105  7:02  Roach  
  105  7:04  Roach x2  
  111  7:10  Overseer  
  111  7:11  Roach x3  
  111  7:14  Roach x2  
  120  7:18  Drone x2  
  120  7:21  Overlord  
  119  7:24  Overlord  
  119  7:26  Queen  
  119  7:27  Drone x4  
  119  7:31  Ravager x6  
  119  7:32  Ravager  
  126  7:39  Overseer  
  126  7:42  Hive  
  124  7:45  Roach x3  
  124  7:46  Hydralisk Den  
  129  7:55  Zergling x18  
  138  8:01  Overlord, Pneumatized Carapace  
  138  8:06  Zergling x12  
  138  8:12  Drone x2  
  146  8:13  Drone x2  
  146  8:15  Unknown  
  146  8:16  Overlord  
  146  8:18  Zerg Missile Weapons Level 2  
  146  8:19  Overseer  
  147  8:20  Muscular Augments  
  147  8:26  Lurker Den  
  145  8:35  Overlord  
  145  8:39  Zergling x28  
  159  8:52  Drone, Overlord x2  
  160  8:56  Overlord x2  
  160  9:11  Hydralisk x8  
  175  9:27  Adaptive Talons  
  175  9:30  Hydralisk x6  
  185  9:31  Grooved Spines  
  185  9:38  Viper x2  
  190  9:55  Lurker x5  
  195  10:02  Lurker  
  195  10:05  Spine Crawler  
  185  10:07  Lurker  
  185  10:10  Spine Crawler  
  185  10:11  Spine Crawler, Overseer  
  184  10:15  Lurker x2  
  184  10:20  Hydralisk x3  
  184  10:21  Zergling x14  
  193  10:24  Seismic Spines  
  186  10:39  Hydralisk  
  186  10:40  Hydralisk x6  
  198  10:49  Roach  
  200  10:50  Roach x6  
  200  10:53  Hydralisk x2  
  194  11:01  Overseer  
  194  11:02  Roach x8  
  200  11:11  Roach  
  189  11:23  Hydralisk x7  
  189  11:24  Zergling x22  
  175  11:31  Roach  
  160  11:33  Roach x2  
  160  11:34  Roach  
  160  11:39  Roach x3  
  168  11:42  Roach  
  165  11:52  Lurker x3  
  168  11:55  Hydralisk x2, Zergling x2  
  168  11:56  Zergling x4  
  174  12:11  Hydralisk x4  
  174  12:12  Zergling x6  
  176  12:18  Overseer x2  
  154  12:23  Roach x5  

Tags
 
Add a new tag
Caveats
  • Supply blocks, unpowered buildings, or Contaminate may cause inaccurate times.
  • Supply counts are checked every 10 seconds.